 Dungeon Crawl Stone Soup version 0.22-a0-86-g94e0ad4 (webtiles) character file.

518 KristoblXynda the Insei (level 7, -1/61 HPs)
             Began as a Black Draconian Monk on Jan 21, 2018.
             Slain by an ogre
             ... wielding a +0 giant club
              (11 damage)
             ... on level 4 of the Dungeon.
             The game lasted 00:05:59 (3505 turns).

KristoblXynda the Insei (Black Draconian Monk)      Turns: 3505, Time: 00:06:00

Health: -1/61      AC:  9    Str: 14    XL:     7   Next: 1%
Magic:  8/8        EV: 15    Int: 10    God:
Gold:   163        SH:  0    Dex: 15    Spells: 6/6 levels left

rFire    . . .     SeeInvis .     - Unarmed
rCold    . . .     Gourm    .   (no shield)
rNeg     . . .     Faith    .   (armour unavailable)
rPois    .         Spirit   .   (helmet restricted)
rElec    +         Reflect  .   g - +0 cloak
rCorr    .         Harm     .   (no gloves)
MR       .....                  b - +1 pair of boots {Stlth+}
Stlth    +++.......             (no amulet)
HPRegen  0.20/turn              (no ring)
MPRegen  0.11/turn              (no ring)

@: no status effects
A: breathe lightning, unfitting armour, electricity resistance, cold-blooded, AC
+6
a: Breathe Lightning


You were on level 4 of the Dungeon.
You were not hungry.

You visited 1 branch of the dungeon, and saw 4 of its levels.

You collected 163 gold pieces.

Inventory:

Armour
 b - a +1 pair of boots of stealth (worn)
 g - a +0 cloak (worn)
Jewellery
 h - an uncursed ring of see invisible {unknown}
Wands
 k - a wand of acid (10)
Scrolls
 c - 2 scrolls of enchant weapon {unknown}
 d - a scroll of remove curse
 e - a scroll of teleportation {unknown}
 f - a scroll of fear {unknown}
 j - 2 scrolls of identify
 l - a scroll of immolation {unknown}
 r - a scroll of noise {unknown}
 s - a scroll of fog {unknown}
Potions
 i - a potion of lignification
 m - a potion of mutation {unknown}
 n - 2 potions of haste {unknown}
 o - 2 potions of curing
 p - 2 potions of might {unknown}
Comestibles
 a - 8 rations
 q - 4 chunks of flesh


   Skills:
 - Level 5.0 Fighting
 + Level 4.7 Dodging
 - Level 1.7 Stealth
 + Level 5.1 Unarmed Combat
 + Level 2.0 Evocations


You had 6 spell levels left.
You didn't know any spells.

Dungeon Overview and Level Annotations

Branches:
Dungeon (4/15)
 Temple: D:4-7

Altars:


Innate Abilities, Weirdness & Mutations

You can breathe wild blasts of lightning.
Your glossy black scales are hard. (AC +6)
You cannot fit into any form of body armour.
You are resistant to electric shocks. (rElec)
You are cold-blooded and may be slowed by cold attacks.


Message History

You hit the ogre. You tail-slap the ogre.
The ogre is moderately wounded.
You barely miss the ogre.
The ogre is moderately wounded.
The ogre closely misses you.
You hit the ogre.
The ogre is heavily wounded.
The orc wizard shouts!
The ogre hits you with a giant club!
You hit the ogre. You tail-slap the ogre.
The ogre is severely wounded.
You hit the ogre but do no damage. You tail-slap the ogre.
The ogre is severely wounded.
The ogre hits you with a giant club!!
Ouch! That really hurt!
* * * LOW HITPOINT WARNING * * *
You hit the ogre.
The ogre is severely wounded.
The ogre hits you with a giant club!
You die...

#...⌠...#
#.......#
#.......#
#.......#
#..o....#
#.......#
#..O....#
#..@....#
#.#...#(#
# ##.##
#.#.#
####.####
#
#...#...#
#
#..#.#..#
.
####.####
# #.#..#


You could see an ogre and an orc wizard.

Vanquished Creatures
  The ghost of anet the Conjurer, an amateur DEWz (D:3)
  An ogre (D:4)
  2 scorpions
  Crazy Yiuf (D:3)
  An orc priest (D:3)
  Ijyb (D:3)
  Natasha (D:3)
  5 adders
  2 worms (D:2)
  An adder skeleton (D:4)
  6 dart slugs
  A leopard gecko (D:4)
  3 orcs
  5 bats
  3 giant cockroaches
  9 goblins
  5 hobgoblins
  2 jackals (D:3)
  A quokka (D:3)
  3 ball pythons
  5 kobolds
  7 rats
66 creatures vanquished.

Notes
Turn   | Place    | Note
-------+----------+-------------------------------------------
     0 | D:1      | KristoblXynda the Draconian Monk began the quest for the Orb.
     0 | D:1      | Reached XP level 1. HP: 19/19 MP: 1/1
   146 | D:1      | Reached XP level 2. HP: 26/26 MP: 2/2
   750 | D:1      | Reached XP level 3. HP: 33/33 MP: 3/3
  1285 | D:2      | Reached XP level 4. HP: 32/40 MP: 4/4
  1594 | D:3      | Noticed Natasha
  1617 | D:3      | Killed Natasha
  1834 | D:3      | Noticed anet's ghost (amateur DEWz)
  1851 | D:3      | Killed anet's ghost
  1851 | D:3      | Reached XP level 5. HP: 47/47 MP: 5/5
  2125 | D:3      | Reached skill level 5 in Fighting
  2409 | D:3      | Noticed Ijyb
  2425 | D:3      | Killed Ijyb
  2425 | D:3      | Reached XP level 6. HP: 47/56 MP: 6/6
  3100 | D:3      | Found a runed door.
  3218 | D:3      | Noticed Crazy Yiuf
  3230 | D:3      | Killed Crazy Yiuf
  3230 | D:3      | Reached skill level 1 in Evocations
  3387 | D:4      | Reached skill level 5 in Unarmed Combat
  3450 | D:4      | Your scales start taking on a glossy black colour.
  3450 | D:4      | Reached XP level 7. HP: 54/61 MP: 8/8
  3450 | D:4      | Gained mutation: You are resistant to electric shocks. (rElec) [Black Draconian growth]
  3505 | D:4      | Slain by an ogre

Vault maps used:
D:1:      mrwooster_arrival_arrow, minmay_quantized
D:3:      lemuel_upstairs_altar, uniq_crazy_yiuf_cottage, uniq_ijyb,
          uniq_natasha
D:4:      wad_rectangle_vault, uniq_pikel

Skill      XL: |  1  2  3  4  5  6 |
---------------+-------------------+-----
Dodging        | 3 4 |  4.7
Fighting       | 4 5 |  5.0
Unarmed Combat | 4 5 |  5.1
Evocations     | 2 |  2.0
Stealth        | |  1.7

Action                   |  1- 3 |  4- 6 |  7- 9 || total
-------------------------+-------+-------+-------++-------
Melee: Unarmed           |   142 |   137 |    13 ||   292
       Tailslap          |    19 |    17 |     4 ||    40
       Punch             |       |     3 |       ||     3
  Use: Scroll            |       |     3 |       ||     3
       Potion            |       |     4 |       ||     4
 Stab: Sleeping          |     9 |     3 |     1 ||    13
       Distracted        |       |     1 |       ||     1
       Invisible         |       |     1 |       ||     1
  Eat: Chunk             |     1 |     7 |       ||     8
Armor: Skin              |    40 |    28 |     2 ||    70
Dodge: Dodged            |    80 |    79 |     4 ||   163

Table legend:
 A = Spawn XP
 B = Non-spawn XP
 C = Spawn XP percentage of total XP
 D = Spawn monster count
 E = Non-spawn monster count
 F = Spawn count percentage of total count
 G = Total turns spent on level
                    A         B        C        D         E        F      G
               +---------+---------+-------+---------+---------+-------+---------
         Total |       0 |     741 |   0.0 |       0 |      66 |   0.0 |  3505
               +---------+---------+-------+---------+---------+-------+---------
           D:1 |       0 |      46 |   0.0 |       0 |      21 |   0.0 |   842
           D:2 |       0 |      63 |   0.0 |       0 |      18 |   0.0 |   712
           D:3 |       0 |     408 |   0.0 |       0 |      19 |   0.0 |  1695
           D:4 |       0 |     224 |   0.0 |       0 |       8 |   0.0 |   256
               +---------+---------+-------+---------+---------+-------+---------
